 Dungeon Crawl Stone Soup version 0.24.0-123-gd5b16e6ec5 (webtiles) character file.

Game seed: 11481495426768084108, levelgen mode: deterministic

481709 manon the Peltast (level 24, -8/161 HPs)
             Began as a Gargoyle Fighter on Jan 12, 2020.
             Was the Champion of Okawaru.
             Killed from afar by a deep elf high priest (31 damage)
             ... with damnation
             ... on level 4 of the Depths on Jan 19, 2020.
             The game lasted 07:31:46 (45473 turns).

manon the Peltast (Gargoyle Fighter)               Turns: 45473, Time: 07:31:47

Health: -8/161     AC: 53    Str: 28    XL:     24   Next: 87%
Magic:  35/35      EV:  9    Int: 14    God:    Okawaru [******]
Gold:   1765       SH: 37    Dex: 10    Spells: 25/39 levels left

rFire    + + .     SeeInvis +   a - +7 eveningstar (freeze)
rCold    + + .     Gourm    .   j - +8 large shield
rNeg     + . .     Faith    .   x - +0 gold dragon scales
rPois    ∞         Spirit   .   X - +2 hat {MR+}
rElec    +         Reflect  +   y - scarf {rC+ rF+}
rCorr    .         Harm     .   U - +2 pair of gloves {archery}
MR       ++...                  W - +2 pair of boots {Fly}
Stlth    ..........             w - +3 amulet of reflection
HPRegen  0.36/turn              s - ring of Pragmatism {Str+4 Int-2 SInv Stlth-}
MPRegen  0.24/turn              I - +6 ring of slaying

@: heroism, finesse, studying Crossbows
A: big wings, negative energy resistance 1, electricity resistance, unbreathing,
petrification resistance, rot immunity, AC +18
}: 2/15 runes: decaying, gossamer
a: Fly, Heroism, Finesse, Renounce Religion, Evoke Flight


You were on level 4 of the Depths.
You worshipped Okawaru.
Okawaru was exalted by your worship.
You were not hungry.

You visited 9 branches of the dungeon, and saw 43 of its levels.

You collected 4872 gold pieces.
You spent 3107 gold pieces at shops.

Inventory:

Hand Weapons
 a - a +7 eveningstar of freezing (weapon)
 b - a +5 hand crossbow of freezing
 c - a +2 demon whip of draining
 d - the +7 morningstar of the Equinox {crush, MR+}
   (Okawaru gifted it to you on level 10 of the Dungeon)

   It inflicts extra damage upon your enemies.
   It affects your resistance to hostile enchantments.
Missiles
 e - 1691 bolts
 T - 2 throwing nets (quivered)
Armour
 i - a +1 plate armour of cold resistance
 j - a +8 large shield (worn)
 x - +0 gold dragon scales (worn)
 y - a scarf of resistance (worn)
 N - the +1 scale mail of the Thistle {rF+ Regen+ Dex+3}
   (Okawaru gifted it to you on level 6 of the Lair of Beasts)

   It affects your dexterity (+3).
   It protects you from fire.
   It increases your rate of regeneration.
 S - the +4 faerie dragon scales {rElec rPois MR- rCorr}
   (You took it off the Enchantress on level 3 of the Depths)

   It insulates you from electricity.
   It protects you from poison.
   It affects your resistance to hostile enchantments.
   It provides partial protection from all sources of acid and corrosion.
 U - a +2 pair of gloves of archery (worn)
 W - a +2 pair of boots of flying (worn)
 X - a +2 hat of magic resistance (worn)
Jewellery
 s - the ring of Pragmatism (left hand) {Str+4 Int-2 SInv Stlth-}
   (You bought it in a shop on level 8 of the Dungeon)

   [ring of attention]

   It affects your strength (+4).
   It affects your intelligence (-2).
   It lets you see invisible.
   It makes you less stealthy.
 t - an uncursed ring of resist corrosion
 v - an uncursed ring of positive energy
 w - a +3 amulet of reflection (around neck)
 E - the ring "Quotoq" {rPois rC+ MR+ Int+5}
   (You found it on level 2 of the Depths)

   [ring of protection from magic]

   It affects your intelligence (+5).
   It protects you from cold.
   It protects you from poison.
   It affects your resistance to hostile enchantments.
 I - a +6 ring of slaying (right hand)
 L - an uncursed amulet of regeneration
Wands
 z - a wand of acid (21)
 F - a wand of polymorph (23)
 M - a wand of iceblast (25)
 R - a wand of scattershot (4)
 Y - a wand of digging (6)
 Z - a wand of clouds (7)
Scrolls
 g - 11 scrolls of magic mapping
 k - a scroll of identify
 l - a scroll of enchant weapon
 n - 15 scrolls of teleportation
 r - 6 scrolls of fear
 u - 17 scrolls of remove curse
 C - a scroll of holy word
 H - 6 scrolls of blinking
 O - 6 scrolls of fog
 Q - 3 scrolls of silence
Potions
 h - 4 potions of heal wounds
 m - a potion of might
 p - 15 potions of curing
 A - 3 potions of invisibility
 B - 4 potions of ambrosia
 D - 3 potions of mutation
 G - 3 potions of berserk rage
 J - 4 potions of cancellation
 P - 4 potions of haste
Books
 K - a manual of Crossbows
Miscellaneous
 o - a lamp of fire
 q - a lamp of fire
 V - a box of beasts
Comestibles
 f - 47 rations


   Skills:
 + Level 19.6(24.6) Fighting
 + Level 19.3(24.3) Maces & Flails
 + Level 11.8(16.8) Crossbows
 * Level 18.5(23.5) Armour
 * Level 20.7(25.7) Shields
 - Level 8.0 Spellcasting
 - Level 6.0 Hexes
 - Level 7.0 Charms
 - Level 7.0 Necromancy
 - Level 7.0 Translocations
 - Level 10.0 Invocations
 - Level 6.0 Evocations


You had 25 spell levels left.
You knew the following spells:

 Your Spells              Type           Power        Failure   Level  Hunger
a - Apportation           Tloc           ####..       6%          1    None
g - Shroud of Golubria    Chrm/Tloc      ####..       9%          2    None
p - Portal Projectile     Hex/Tloc       ###...       22%         3    ##.....
r - Regeneration          Chrm/Necr      ####......   17%         3    ##.....
s - Song of Slaying       Chrm           ####....     9%          2    None
w - Spectral Weapon       Hex/Chrm       ###.....     22%         3    ##.....

Your spell library contained the following spells:

 Spells                   Type           Power        Failure   Level  Hunger
 Animate Skeleton         Necr           N/A          6%          1    None
 Infusion                 Chrm           ####         6%          1    None
 Pain                     Necr           ####         6%          1    None
 Confusing Touch          Hex            ###...       9%          1    None
 Blink                    Tloc           N/A          9%          2    None
 Gell's Gravitas          Tloc           ####......   17%         3    ##.....
 Lesser Beckoning         Tloc           ####......   17%         3    ##.....
 Teleport Other           Tloc           ####....     17%         3    ##.....
 Vampiric Draining        Necr           ####......   17%         3    ##.....
 Confuse                  Hex            ###.....     26%         3    ##.....
 Tukima's Dance           Hex            ###.....     26%         3    ##.....
 Swiftness                Chrm/Air       ###.....     36%         2    None
 Animate Dead             Necr           N/A          50%         4    ####...
 Passage of Golubria      Tloc           N/A          50%         4    ####...
 Ozocubu's Armour         Chrm/Ice       ###.....     58%         3    ##.....
 Recall                   Summ/Tloc      N/A          58%         3    ##.....
 Dazzling Spray           Conj/Hex       ##....       65%         3    ##.....
 Inner Flame              Hex/Fire       ##......     65%         3    ##.....
 Summon Guardian Golem    Hex/Summ       ##......     65%         3    ##.....
 Beastly Appendage        Tmut           #.....       71%         1    None
 Flame Tongue             Conj/Fire      #....        71%         1    None
 Freeze                   Ice            #...         71%         1    None
 Sandblast                Erth           #.....       71%         1    None
 Summon Butterflies       Summ           #.......     71%         1    None
 Summon Small Mammal      Summ           #...         71%         1    None
 Call Imp                 Summ           #.......     83%         2    None
 Passwall                 Tmut/Erth      #.......     83%         2    None
 Poisonous Vapours        Pois/Air       #.....       83%         2    None
 Searing Ray              Conj           #.....       83%         2    None
 Sticks to Snakes         Tmut           #.......     83%         2    None
 Throw Flame              Conj/Fire      #.....       83%         2    None
 Throw Frost              Conj/Ice       #.....       83%         2    None
 Call Canine Familiar     Summ           #.......     97%         3    ##.....
 Conjure Flame            Conj/Fire      #.......     97%         3    ##.....
 Ignite Poison            Fire/Tmut/Pois #.......     97%         3    ##.....
 Mephitic Cloud           Conj/Pois/Air  #.......     97%         3    ##.....
 Spider Form              Tmut/Pois      #.........   97%         3    ##.....
 Static Discharge         Conj/Air       #.......     97%         3    ##.....
 Stone Arrow              Conj/Erth      #.....       97%         3    ##.....
 Ice Form                 Ice/Tmut       #.......     100%        4    ####...
 Petrify                  Tmut/Erth      #.......     100%        4    ####...
 Sticky Flame             Conj/Fire      #.......     100%        4    ####...
 Summon Ice Beast         Ice/Summ       #.......     100%        4    ####...
 Summon Lightning Spire   Summ/Air       #.......     100%        4    ####...
 Throw Icicle             Conj/Ice       #.......     100%        4    ####...
 Alistair's Intoxication  Tmut/Pois      #.......     100%        5    #####..
 Aura of Abjuration       Summ           #.........   100%        5    #####..
 Blade Hands              Tmut           #.........   100%        5    #####..
 Bolt of Draining         Conj/Necr      ###.......   100%        5    #####..
 Bolt of Magma            Conj/Fire/Erth #.........   100%        5    #####..
 Borgnjor's Vile Clutch   Necr/Erth      ###.......   100%        5    #####..
 Fireball                 Conj/Fire      #.........   100%        5    #####..
 Iskenderun's Battlesphe  Conj/Chrm      ###.....     100%        5    #####..
 Lee's Rapid Deconstruct  Erth           #.........   100%        5    #####..
 Lightning Bolt           Conj/Air       #.........   100%        5    #####..
 Metabolic Englaciation   Hex/Ice        ##........   100%        5    #####..
 Silence                  Hex/Air        ##........   100%        5    #####..
 Venom Bolt               Conj/Pois      #.........   100%        5    #####..
 Yara's Violent Unravell  Hex/Tmut       ##........   100%        5    #####..
 Conjure Ball Lightning   Conj/Air       #.........   100%        6    #######
 Death Channel            Necr           ####......   100%        6    #######
 Deflect Missiles         Chrm/Air       ###.......   100%        6    #######
 Freezing Cloud           Conj/Ice/Air   #.........   100%        6    #######
 Hydra Form               Tmut           #.........   100%        6    #######
 Invisibility             Hex            ###.....     100%        6    #######
 Simulacrum               Ice/Necr       ###.......   100%        6    #######
 Malign Gateway           Summ/Tloc      ###.......   100%        7    #######
 Ring of Flames           Chrm/Fire      ###.......   100%        7    #######
 Ignition                 Fire           #.........   100%        8    #######
 Shatter                  Erth           #.........   100%        9    #######
 Tornado                  Air            #.........   100%        9    #######
 Sublimation of Blood     Necr           Unusable     N/A         2    N/A
 Statue Form              Tmut/Erth      Unusable     N/A         6    N/A

Dungeon Overview and Level Annotations

Branches:
Dungeon (15/15)            Temple (1/1) D:6            Lair (6/6) D:10
  Swamp (4/4) Lair:3       Spider (4/4) Lair:4        Slime (0/5) Lair:6
    Orc (2/2) D:11            Elf (3/3) Orc:2        Vaults (4/5) D:14
  Crypt (0/3) Vaults:3     Depths (4/5) D:15

Altars:
Ashenzari
Cheibriados
Dithmenos
Elyvilon
Hepliaklqana
Kikubaaqudgha
Makhleb
Nemelex Xobeh
Okawaru
Qazlal
Ru
Sif Muna
Vehumet
Wu Jian
Xom
Yredelemnul
The Shining One
Beogh

Shops:
D:4 =   D:6 !   D:8 =   D:9 =   D:11 %   D:14 *   Orc:1 *   Orc:2 !((=
Elf:1 ?   Vaults:1 :   Depths:1 (   Depths:2 *::[

Portals:
Hell: Depths:1 Depths:2 Depths:3
Abyss: Depths:2 Depths:3
Pandemonium: Depths:2
Trove: Depths:3 (show slimy rune of Zot)

Annotations:
D:3 1 runed translucent door, LifeIsToil's ghost, amateur MiGl
D:9 exclusion: statue
D:14 Rupert
Lair:2 Fannar
Lair:6 exclusion: 4 oklob plants
Depths:2 exclusion: orange crystal statue


Innate Abilities, Weirdness & Mutations

You are resistant to torment.
Your stone body is resilient. (AC +18)
You are immune to poison.
Your large and strong wings let you fly indefinitely.
You resist negative energy. (rN+)
You are resistant to electric shocks. (rElec)
You can survive without breathing.
You are immune to petrification.
You are immune to rotting.


Message History

* * * LOW HITPOINT WARNING * * *
The titan is healed.
The deep elf high priest is healed.
The titan casts a spell at you.
The bolt of lightning hits the deep elf high priest!!
The bolt of lightning hits you! You resist.
* * * LOW HITPOINT WARNING * * *
The bolt of lightning misses you.
There is an open door here.
The deep elf high priest utters a dark prayer and points at you.
Your life force is offered up.
* * * LOW HITPOINT WARNING * * *
The titan is healed.
The deep elf high priest is healed.
There is an open door here.
You open the door.
There is an open door here.
You close the door.
The deep elf high priest whispers, "Deep inside, it's sometimes so empty."
The deep elf high priest calls down the wrath of its god upon you.
The sphere of damnation explodes!
The damnation engulfs you!!
You die...

#...†[........#####
#..)<.........#####
#.................#
#........)..####...
#..........#+ #+ ..
#..).......# ..# #
#####...).)....##..
...............#'#
...............@#####
.....#..........)...#
...............e)..##
............####...#
≈≈≈≈≈≈.....#+##†#).#
≈≈≈≈≈≈≈....##.†##..#
####≈≈≈...##.e##..#
.. ##≈≈≈..#+##'#..#
##≈≈.(.####C..# .e.


You could see a deep elf high priest.

Vanquished Creatures
  Boris (Vaults:4)
  Sojobo (Vaults:4)
  Margery (Vaults:4)
  Bai Suzhen (Vaults:2)
  3 caustic shrikes
  2 golden dragons
  the Enchantress (Depths:3)
  2 tentacled monstrosities
  Asterion (Elf:3)
  2 liches
  2 sphinxes
  3 deep elf blademasters
  2 storm dragons
  Kirke (D:13)
  Donald (Spider:3)
  A thorn hunter (Swamp:4)
  Agnes (D:14)
  4 tengu reavers
  7 fire giants
  The ghost of Ulmo the Warrior, a journeyman DrMo of Okawaru (Elf:2)
  An iron dragon (Depths:3)
  3 frost giants
  An orc warlord (Orc:2)
  Aizul (Vaults:2)
  4 ghost moths (Spider:4)
  9 deep elf sorcerers
  Louise (Elf:2)
  9 ironheart preservers
  12 vault wardens
  6 emperor scorpions
  4 deep elf elementalists (Elf:3)
  6 spriggan defenders
  24 very ugly things
  8 entropy weavers
  10 stone giants
  2 vampire knights (Depths:1)
  6 spark wasps
  3 deep elf demonologists (Elf:3)
  10 deep elf annihilators
  8 ettins
  A merfolk javelineer (Depths:4)
  11 deep elf death magi
  2 green deaths (Swamp:4)
  Josephine (Orc:1)
  2 deep elf high priests (Elf:3)
  11 yaktaur captains
  52 slime creatures
  13 fire dragons
  3 great orbs of eyes
  5 ice dragons
  Harold (D:7)
  15 vault guards
  9 hydras
  5 spriggan air magi
  5 rakshasas
  2 ghost crabs (Swamp:4)
  A death knight (Vaults:1)
  8 alligators
  Erica (D:8)
  2 shambling mangroves
  58 two-headed ogres
  3 deep troll shamans
  10 centaur warriors
  4 tengu warriors
  3 death yaks (D:10)
  6 deep troll earth magi
  15 ogre magi
  Urug (Orc:1)
  27 dancing weapons
  5 orc high priests
  A vampire mage (Depths:1)
  2 hell hogs (Depths:1)
  19 deep elf knights
  2 shadow wraiths
  3 spriggan berserkers
  8 deep trolls
  An unseen horror (shapeshifter) (Depths:4)
  3 glowing orange brains
  7 hell knights
  8 wizards
  A spriggan druid (Swamp:4)
  4 unseen horrors
  A glowing orange brain (shapeshifter) (Elf:3)
  8 swamp dragons
  3 flayed ghosts
  A shadow dragon zombie (Depths:1)
  3 lindwurms
  18 deep elf archers
  13 ironbrand convokers
  2 phantasmal warriors
  A harpy (shapeshifter) (Elf:1)
  15 orb spiders
  A harpy (Vaults:1)
  14 wolf spiders
  4 orc sorcerers
  61 ugly things
  4 necromancers
  24 orc knights
  A frost giant zombie (Depths:1)
  2 manticores
  6 cyclopes
  80 deep elf magi
  A salamander (shapeshifter) (Vaults:4)
  A faun (shapeshifter) (Depths:2)
  2 moths of wrath
  A guardian serpent (Lair:6)
  A centaur zombie (D:12)
  9 elephants
  Joseph (D:9)
  19 vault sentinels
  Maurice (D:10)
  2 gargoyles
  An elf zombie (Depths:1)
  14 black mambas
  An orange demon (Swamp:4)
  20 spiny frogs
  A torpor snail (Lair:2)
  3 centaur skeletons (D:14)
  A spiny frog (shapeshifter) (Vaults:4)
  A yaktaur zombie (Vaults:3)
  13 rime drakes
  6 freezing wraiths
  2 efreet
  4 rime drakes (shapeshifter)
  6 komodo dragons
  28 yaktaurs
  4 demonic crawlers
  15 trolls
  4 tengu conjurers
  5 meliai
  28 jumping spiders
  5 tyrant leeches
  Prince Ribbit (D:7)
  2 polar bears (Lair:4)
  8 blink frogs
  A wind drake (shapeshifter) (D:14)
  A dream sheep (shapeshifter) (Elf:1)
  20 hornets
  A jumping spider (shapeshifter) (Elf:1)
  Grinder (D:6)
  11 bog bodies
  A hippogriff (shapeshifter) (Vaults:2)
  A blink frog (shapeshifter) (Vaults:1)
  9 dream sheep
  5 hippogriffs
  A human simulacrum (Vaults:3)
  79 redbacks
  A large abomination (Swamp:4)
  11 spriggans
  A redback (shapeshifter) (D:12)
  A yak (shapeshifter) (Vaults:3)
  50 yaks
  7 shadows
  6 wraiths
  14 wyverns
  A centaur simulacrum (D:14)
  32 tarantellas
  4 water elementals
  A basilisk (D:11)
  A tarantella (shapeshifter) (Depths:1)
  A basilisk (shapeshifter) (Vaults:4)
  4 hungry ghosts
  9 steam dragons (Lair:6)
  14 vampire mosquitoes
  2 yaktaur simulacra
  10 swamp worms
  3 acid dragons
  Edmund (D:6)
  10 wargs
  8 hell hounds (Depths:1)
  Duvessa (D:5)
  5 swamp drakes
  13 porcupines
  A floating eye (shapeshifter) (D:12)
  26 water moccasins
  A floating eye (Depths:4)
  A black bear (shapeshifter) (D:12)
  A slave (D:7)
  2 black bears
  61 orc warriors
  4 ice beasts
  4 sky beasts
  2 eyes of draining
  A necrophage (D:9)
  3 phantoms
  A wolf (shapeshifter) (Depths:4)
  9 wolves
  An eye of draining (shapeshifter) (D:14)
  35 ogres
  9 boggarts
  11 centaurs
  17 crocodiles
  2 big kobolds
  19 bullfrogs
  3 earth elementals (Elf:3)
  Dowan (D:5)
  2 human skeletons (Vaults:3)
  4 scorpions
  A wyvern skeleton (D:10)
  A small abomination (Swamp:4)
  12 killer bees
  A howler monkey (D:13)
  2 electric eels
  9 wights (D:15)
  12 crimson imps
  4 jellies
  2 bullfrog zombies (D:5)
  2 quasits
  2 hounds
  2 bullfrog skeletons
  A gnoll shaman (D:6)
  44 orc priests
  An iron imp (Depths:3)
  27 orc wizards
  4 worker ants
  A hell rat (D:10)
  4 polar bear simulacra (Lair:3)
  3 wolf simulacra (Lair:3)
  3 yak simulacra (Lair:3)
  A killer bee zombie (D:10)
  21 adders
  10 gnolls
  A river rat (D:10)
  3 shadow imps
  3 oozes
  2 adder zombies
  3 adder skeletons
  6 worms
  3 dart slugs (D:1)
  4 leopard geckos
  137 orcs
  11 giant cockroaches
  7 hobgoblins
  16 jackals
  10 kobolds
  8 quokkas
  3 ball pythons
  12 bats
  6 frilled lizards
  8 goblins
  A leopard gecko skeleton (D:4)
  2 quokka skeletons
  3 rats
  A river rat simulacrum (Lair:3)
  A fungus (Elf:1)
  2 plants
1966 creatures vanquished.

Vanquished Creatures (others)
  2 deep elf master archers (Elf:3)
  A fire giant (Depths:4)
  A vault warden (Vaults:3)
  A very ugly thing (Depths:4)
  6 stone giants
  A fire dragon (Depths:1)
  2 yaktaur captains
  3 centaur warriors
  Pikel (D:7)
  A necromancer (Vaults:4)
  3 cyclopes
  17 yaktaurs
  2 jumping spiders
  A swamp worm (Swamp:2)
  2 slaves (D:7)
  An orc warrior (Vaults:1)
  An ogre (D:8)
  8 centaurs
  2 killer bees
  An orc (D:13)
  9 fungi
  13 plants
  2 spectral weapons (Vaults:4)
81 creatures vanquished.

Grand Total: 2047 creatures vanquished

Notes
Turn   | Place    | Note
-------+----------+-------------------------------------------
     0 | D:1      | manon the Gargoyle Fighter began the quest for the Orb.
     0 | D:1      | Reached XP level 1. HP: 14/14 MP: 1/1
   357 | D:1      | Reached XP level 2. HP: 12/19 MP: 2/2
   627 | D:1      | Reached XP level 3. HP: 20/23 MP: 3/3
  1260 | D:2      | Reached XP level 4. HP: 27/28 MP: 4/4
  1468 | D:3      | Found a sacrificial altar of Ru.
  1653 | D:3      | Reached skill level 5 in Maces & Flails
  1653 | D:3      | Reached XP level 5. HP: 13/32 MP: 5/5
  1860 | D:3      | Found a runed translucent door.
  1860 | D:3      | Noticed a hippogriff
  1860 | D:3      | Noticed LifeIsToil's ghost (amateur MiGl)
  1907 | D:3      | Noticed an orc warrior
  1932 | D:3      | Killed an orc warrior
  1932 | D:3      | Reached XP level 6. HP: 21/37 MP: 6/6
  2666 | D:4      | Found Burunk's Jewellery Shoppe.
  2678 | D:4      | Bought a cursed -3 ring of strength for 22 gold pieces
  2741 | D:4      | Learned a level 3 spell: Regeneration
  2959 | D:5      | Entered Level 5 of the Dungeon
  2959 | D:5      | Noticed Duvessa
  2959 | D:5      | Noticed Dowan
  2969 | D:5      | Killed Duvessa
  2969 | D:5      | Reached XP level 7. HP: 34/41 MP: 7/7
  2972 | D:5      | Killed Dowan
  3863 | D:6      | Reached XP level 8. HP: 31/46 MP: 8/8
  4025 | D:6      | Found Xiniasos's Distillery.
  4033 | D:6      | Bought a potion of mutation for 96 gold pieces
  4033 | D:6      | Bought a potion of flight for 36 gold pieces
  4086 | D:6      | Found a stormy altar of Qazlal.
  4142 | D:6      | Reached skill level 10 in Maces & Flails
  4386 | D:6      | Found a staircase to the Ecumenical Temple.
  4395 | Temple   | Entered the Ecumenical Temple
  4471 | Temple   | Became a worshipper of Warmaster Okawaru
  4559 | D:6      | Noticed Grinder
  4564 | D:6      | Killed Grinder
  4625 | D:6      | Reached XP level 9. HP: 51/51 MP: 9/9
  4663 | D:6      | Noticed Edmund
  4674 | D:6      | Killed Edmund
  5098 | D:7      | Reached * piety under Okawaru
  5104 | D:7      | Reached skill level 1 in Invocations
  5142 | D:7      | Noticed Pikel
  5189 | D:7      | Noticed Harold
  5196 | D:7      | Your ally died
  5209 | D:7      | Killed Harold
  5426 | D:7      | Noticed a troll
  5442 | D:7      | Killed a troll
  5442 | D:7      | Reached ** piety under Okawaru
  5605 | D:7      | Noticed Prince Ribbit
  5620 | D:8      | Reached XP level 10. HP: 44/56 MP: 14/14
  5671 | D:8      | HP: 2/56 [bullfrog (1)]
  5913 | D:8      | Noticed a cyan ugly thing
  5943 | D:8      | Killed a cyan ugly thing
  6226 | D:8      | Found an iron altar of Okawaru.
  6372 | D:8      | Noticed Erica
  6402 | D:8      | Killed Erica
  6402 | D:8      | Reached *** piety under Okawaru
  6584 | D:8      | Found Neokivea's Jewellery Shoppe.
  6810 | D:8      | Found an ancient bone altar of Kikubaaqudgha.
  6982 | D:9      | Noticed a two-headed ogre
  7039 | D:9      | Found Hebid's Jewellery Boutique.
  7075 | D:9      | Got a smoking leather armour
  7078 | D:9      | Bought a cursed ring of teleportation for 63 gold pieces
  7191 | D:9      | Found a radiant altar of Vehumet.
  7222 | D:9      | Killed a two-headed ogre
  7222 | D:9      | Reached **** piety under Okawaru
  7480 | D:9      | Reached XP level 11. HP: 56/60 MP: 17/17
  7532 | D:9      | Noticed Joseph
  7546 | D:9      | Killed Joseph
  7546 | D:9      | Reached ***** piety under Okawaru
  7696 | D:10     | Entered Level 10 of the Dungeon
  7811 | D:10     | Noticed Maurice
  7836 | D:10     | Killed Maurice
  7860 | D:10     | Received a gift from Okawaru
  7861 | D:10     | Got a steaming morningstar {god gift}
  7865 | D:10     | Identified the +7 morningstar of the Equinox {crush, MR+}
                  | (Okawaru gifted it to you on level 10 of the Dungeon)
  8058 | D:10     | Noticed a death yak
  8059 | D:10     | Noticed a death yak
  8179 | D:10     | Reached skill level 4 in Shields
  8552 | D:11     | Noticed a two-headed ogre
  8560 | D:11     | Killed a two-headed ogre
  8668 | D:11     | Found Gayseq's Food Boutique.
  8774 | D:11     | Noticed a red ugly thing
  8783 | D:11     | Killed a red ugly thing
  8783 | D:11     | Received a gift from Okawaru
  8784 | D:11     | Got a smoking great mace {god gift}
  8790 | D:11     | Identified the +11 great mace of Faoseg {crush, -Tele Str+4
                  | Dex+2} (Okawaru gifted it to you on level 11 of the
                  | Dungeon)
  8804 | D:11     | Reached skill level 15 in Maces & Flails
  8823 | D:11     | Found a staircase to the Orcish Mines.
  8888 | D:11     | Reached skill level 5 in Shields
  8890 | D:11     | Reached skill level 5 in Fighting
  8890 | D:11     | Reached skill level 5 in Armour
  9479 | D:12     | Reached XP level 12. HP: 43/69 MP: 18/18
  9716 | D:12     | Received a gift from Okawaru
  9887 | D:12     | Reached skill level 1 in Crossbows
  9916 | D:12     | Noticed a centaur warrior
  9927 | D:12     | Killed a centaur warrior
 10039 | D:12     | Identified the Tome of Venomous Changing
 10512 | D:12     | Reached skill level 1 in Evocations
 10526 | D:12     | Received a gift from Okawaru
 11004 | D:10     | Noticed a death yak
 11007 | D:10     | Killed a death yak
 11014 | D:10     | Killed a death yak
 11019 | D:10     | Killed a death yak
 11019 | D:10     | Reached skill level 5 in Crossbows
 11047 | D:10     | Found a staircase to the Lair.
 11111 | Lair:1   | Entered Level 1 of the Lair of Beasts
 11296 | Lair:1   | Noticed a six-headed hydra
 11314 | Lair:1   | Killed a six-headed hydra
 11314 | Lair:1   | Reached XP level 13. HP: 78/78 MP: 16/19
 12049 | Lair:2   | Reached skill level 6 in Shields
 12071 | Lair:2   | Noticed Fannar
 12573 | Lair:2   | Received a gift from Okawaru
 12581 | Lair:2   | Got a pitted glaive {god gift}
 12766 | Lair:2   | Reached skill level 7 in Shields
 13005 | Lair:3   | Received a gift from Okawaru
 13006 | Lair:3   | Got a thick robe {god gift}
 13027 | Lair:3   | Identified the +0 robe of Weightlessness {Str+4} (Okawaru
                  | gifted it to you on level 3 of the Lair of Beasts)
 13232 | Lair:3   | Reached skill level 8 in Shields
 13472 | Lair:3   | Found a staircase to the Swamp.
 14058 | Lair:4   | Gained mutation: Your large and strong wings let you fly
                  | indefinitely. [Gargoyle growth]
 14058 | Lair:4   | Reached XP level 14. HP: 82/84 MP: 20/20
 14145 | Lair:4   | Found a hole to the Spider Nest.
 15546 | Lair:6   | Entered Level 6 of the Lair of Beasts
 15664 | Lair:6   | Reached ****** piety under Okawaru
 15815 | Lair:6   | Noticed Sonja
 15820 | Lair:6   | Noticed Sonja
 15820 | Lair:6   | Sonja changed into Sonja the eye of draining
 15825 | Lair:6   | Killed Sonja the eye of draining
 15836 | Lair:6   | Received a gift from Okawaru
 15847 | Lair:6   | Reached skill level 10 in Crossbows
 15862 | Lair:6   | Received a gift from Okawaru
 15863 | Lair:6   | Got a faintly glowing scale mail {god gift}
 15881 | Lair:6   | Reached skill level 9 in Shields
 15907 | Lair:6   | Reached skill level 10 in Fighting
 15949 | Lair:6   | Identified the +1 scale mail of the Thistle {rF+ Regen+
                  | Dex+3} (Okawaru gifted it to you on level 6 of the Lair of
                  | Beasts)
 15976 | Lair:6   | Learned a level 1 spell: Apportation
 16280 | Lair:6   | Reached skill level 1 in Charms
 16309 | Lair:6   | Reached skill level 1 in Necromancy
 16425 | Lair:6   | Found a staircase to the Slime Pits.
 16827 | Lair:6   | Reached skill level 10 in Shields
 16894 | Lair:6   | Reached skill level 10 in Armour
 17015 | Lair:6   | Reached XP level 15. HP: 41/92 MP: 15/21
 17550 | Orc:1    | Entered Level 1 of the Orcish Mines
 17557 | Orc:1    | Received a gift from Okawaru
 17766 | Orc:1    | Noticed Josephine
 17774 | Orc:1    | Killed Josephine
 17937 | Orc:1    | Noticed Urug
 17949 | Orc:1    | Killed Urug
 17949 | Orc:1    | Reached skill level 11 in Shields
 17998 | Orc:1    | Learned a level 2 spell: Shroud of Golubria
 18001 | Orc:1    | Learned a level 2 spell: Song of Slaying
 18005 | Orc:1    | Learned a level 3 spell: Spectral Weapon
 18070 | Orc:1    | You are sucked into a shaft and drop 1 floor!
 18070 | Orc:2    | Entered Level 2 of the Orcish Mines
 18071 | Orc:2    | Noticed an orc warlord
 18418 | Orc:1    | Found Himi's General Store.
 18421 | Orc:1    | Bought a scroll of identify for 32 gold pieces
 18421 | Orc:1    | Bought a scroll of identify for 32 gold pieces
 18660 | D:4      | Bought a +6 ring of slaying for 1581 gold pieces
 18941 | D:7      | Found an ornate altar of the Wu Jian Council.
 18951 | D:7      | Killed Prince Ribbit
 19389 | Orc:2    | Received a gift from Okawaru
 19406 | Orc:2    | Found a roughly hewn altar of Beogh.
 19513 | Orc:2    | Found Wiaplac's Jewellery Boutique.
 19535 | Orc:2    | Found Xepry's Antique Weapon Shop.
 19974 | Orc:2    | Found a staircase to the Elven Halls.
 20319 | Orc:2    | Killed an orc warlord
 20319 | Orc:2    | Reached skill level 12 in Shields
 20340 | Orc:2    | Found a roughly hewn altar of Beogh.
 20434 | Orc:2    | Found Raiteo's Distillery.
 20470 | Orc:2    | Bought a potion of heal wounds for 60 gold pieces
 20470 | Orc:2    | Bought a potion of lignification for 36 gold pieces
 20763 | Orc:2    | Found Bumics's Weapon Shoppe.
 21037 | Spider:1 | Entered Level 1 of the Spider Nest
 21249 | Spider:1 | Received a gift from Okawaru
 21515 | Spider:2 | Received a gift from Okawaru
 21603 | Spider:2 | Received a gift from Okawaru
 21742 | Spider:2 | Reached skill level 13 in Shields
 21742 | Spider:2 | Reached XP level 16. HP: 90/100 MP: 22/22
 21956 | Spider:3 | Received a gift from Okawaru
 22095 | Spider:3 | Noticed Donald
 22596 | Spider:4 | Entered Level 4 of the Spider Nest
 22603 | Spider:3 | Received a gift from Okawaru
 22804 | Spider:3 | Killed Donald
 23593 | D:8      | Bought the ring of Pragmatism {Str+4 Int-2 SInv Stlth-} for
                  | 229 gold pieces
 23593 | D:8      | Bought an uncursed amulet of regeneration for 300 gold
                  | pieces
 24256 | Spider:4 | Reached skill level 10 in Invocations
 24372 | Spider:4 | Reached skill level 14 in Shields
 24400 | Spider:4 | Received a gift from Okawaru
 24573 | Spider:3 | Received a gift from Okawaru
 24625 | Spider:3 | Reached XP level 17. HP: 104/108 MP: 24/24
 24665 | Spider:4 | Received a gift from Okawaru
 24672 | Spider:4 | Reached skill level 1 in Translocations
 24721 | Spider:4 | Got a gossamer rune of Zot
 25023 | Swamp:1  | Entered Level 1 of the Swamp
 25192 | Swamp:1  | Got a shimmering flail
 25193 | Swamp:1  | Identified the +10 flail "Spiderbane" {protect, rElec rF+
                  | rN++ Str-3 SInv} (You found it on level 1 of the Swamp)
 25474 | Swamp:2  | Reached skill level 15 in Shields
 25740 | Swamp:4  | Entered Level 4 of the Swamp
 26068 | Swamp:4  | Received a gift from Okawaru
 26313 | Swamp:4  | Reached skill level 5 in Charms
 26332 | Swamp:4  | Noticed a tentacled monstrosity
 26343 | Swamp:4  | Killed a tentacled monstrosity
 26343 | Swamp:4  | Reached skill level 5 in Translocations
 26360 | Swamp:4  | Reached skill level 5 in Necromancy
 26376 | Swamp:4  | Reached XP level 18. HP: 101/116 MP: 23/25
 26438 | Swamp:4  | Got a decaying rune of Zot
 27116 | D:13     | Noticed Kirke
 27132 | D:13     | Killed Kirke
 27474 | D:14     | Found Pifru's Assorted Antiques.
 27614 | D:14     | Bought a glowing scarf for 232 gold pieces
 27737 | D:14     | Found a gate to the Vaults.
 27747 | D:14     | Received a gift from Okawaru
 27806 | D:14     | Noticed Rupert
 27861 | D:14     | Received a gift from Okawaru
 28610 | Elf:1    | Entered Level 1 of the Elven Halls
 28713 | Elf:1    | Received a gift from Okawaru
 28743 | Elf:1    | Reached skill level 16 in Shields
 28746 | Elf:1    | Reached skill level 15 in Fighting
 28779 | Elf:1    | Received a gift from Okawaru
 29224 | Elf:1    | Received a gift from Okawaru
 29248 | Elf:1    | Found Avvikolu's Magic Scroll Emporium.
 29403 | Elf:2    | Reached skill level 1 in Spellcasting
 29435 | Elf:2    | Received a gift from Okawaru
 29505 | Elf:2    | Reached XP level 19. HP: 100/125 MP: 26/26
 29534 | Elf:2    | Received a gift from Okawaru
 29867 | Elf:2    | Found a runed translucent gate.
 29867 | Elf:2    | Found a runed translucent gate.
 29868 | Elf:2    | Found a runed translucent gate.
 29869 | Elf:2    | Noticed Ulmo's ghost (journeyman DrMo)
 29904 | Elf:2    | Killed Ulmo's ghost
 30208 | Elf:2    | Received a gift from Okawaru
 30439 | Elf:2    | Found a runed translucent gate.
 30443 | Elf:2    | Found a runed translucent gate.
 30444 | Elf:2    | Found a runed translucent gate.
 30465 | Elf:2    | Received a gift from Okawaru
 30521 | Elf:2    | Identified the +4 large shield "Jatorghuwn" {-Cast rElec
                  | rF- Stlth+}
 30521 | Elf:2    | Noticed Louise
 30544 | Elf:2    | Killed Louise
 30611 | Elf:2    | Reached skill level 5 in Spellcasting
 30651 | Elf:2    | Received a gift from Okawaru
 30677 | Elf:2    | Received a gift from Okawaru
 31048 | D:7      | Identified the +12 glaive of Fee Simple {chop, rElec MR+
                  | Dex+3 SInv} (Okawaru gifted it to you on level 2 of the
                  | Lair of Beasts)
 31336 | Elf:3    | Entered Level 3 of the Elven Halls
 31354 | Elf:3    | Found a shimmering blue altar of Sif Muna.
 31506 | Elf:3    | Reached skill level 1 in Hexes
 31655 | Elf:3    | Received a gift from Okawaru
 31661 | Elf:3    | Identified the Handbook of Blows and Bruises and Summoning
 31720 | Elf:3    | Noticed Asterion
 31733 | Elf:3    | Killed Asterion
 31787 | Elf:3    | Received a gift from Okawaru
 32353 | D:9      | Bought a +3 amulet of reflection for 219 gold pieces
 32863 | Elf:3    | Reached XP level 20. HP: 87/134 MP: 27/29
 33202 | Elf:3    | Identified the +6 halberd "Urphiocs" {venom, rF+}
 33263 | Elf:3    | Received a gift from Okawaru
 33320 | Elf:3    | Got a spiked scale mail {god gift}
 33333 | Elf:3    | Identified the +1 scale mail "Ameti" {-Tele rC+ MR+++
                  | Dex-5} (Okawaru gifted it to you on level 3 of the Elven
                  | Halls)
 33427 | Elf:3    | Identified the +7 spear of Evolution {flame, *Noise rPois
                  | MR+++ MP-9}
 33875 | Elf:3    | Identified the +9 flail of the Original Sin {speed, rN+}
 34063 | Elf:3    | Identified Sif Muna's Almanac of Aerial Talismans
 34071 | Elf:3    | Got a coiled lead amulet
 34072 | Elf:3    | Identified the amulet "Viemmakk" {Inacc Str+5} (You found
                  | it on level 3 of the Elven Halls)
 34083 | Elf:3    | Identified the Papyrus of Spatial Necromancy
 34086 | Elf:3    | Identified Ceoringi's Grimoire of Supportive Shape Shifting
 34092 | Elf:3    | Learned a level 3 spell: Portal Projectile
 34160 | Elf:3    | Got a bloodstained chain mail
 34161 | Elf:3    | Identified the +11 chain mail "Zit Fye" {rPois Int+4} (You
                  | found it on level 3 of the Elven Halls)
 34279 | Elf:1    | Bought a scroll of enchant weapon for 127 gold pieces
 34441 | D:14     | Noticed Agnes
 34452 | D:14     | Killed Agnes
 34478 | Vaults:1 | Entered Level 1 of the Vaults
 34497 | Vaults:1 | Reached skill level 5 in Hexes
 34599 | Vaults:1 | Received a gift from Okawaru
 35224 | Vaults:1 | Reached XP level 21. HP: 118/140 MP: 25/30
 35267 | Vaults:1 | Reached skill level 17 in Shields
 35719 | Vaults:1 | Found Atontool's Book Shoppe.
 35786 | Vaults:2 | Received a gift from Okawaru
 36066 | Vaults:2 | Noticed Aizul
 36091 | Vaults:2 | Killed Aizul
 36312 | Vaults:2 | Received a gift from Okawaru
 36686 | Vaults:2 | Noticed Bai Suzhen
 36705 | Vaults:2 | Killed Bai Suzhen
 36707 | Vaults:2 | Received a gift from Okawaru
 37120 | Vaults:2 | Got a distressingly furry chain mail
 37121 | Vaults:2 | Identified the +4 chain mail "Tyfreg" {rF- Regen+ Str+4
                  | Dex+9} (You found it on level 2 of the Vaults)
 37344 | Vaults:3 | Received a gift from Okawaru
 37387 | Vaults:3 | Reached skill level 18 in Shields
 37539 | Vaults:3 | Reached skill level 15 in Armour
 37554 | Vaults:3 | Reached XP level 22. HP: 147/147 MP: 31/31
 37784 | Vaults:3 | Found a staircase to the Crypt.
 37784 | Vaults:3 | Found an ancient bone altar of Kikubaaqudgha.
 37785 | Vaults:3 | Found a basalt altar of Yredelemnul.
 37941 | Vaults:3 | Found a hazy altar of Hepliaklqana.
 38069 | Vaults:3 | Received a gift from Okawaru
 38444 | Vaults:4 | Reached skill level 5 in Evocations
 38739 | Vaults:4 | Noticed Margery
 38781 | Vaults:4 | Killed Margery
 38869 | Vaults:4 | Noticed Boris
 38943 | Vaults:4 | Killed Boris
 39014 | Vaults:4 | Received a gift from Okawaru
 39257 | Vaults:4 | Received a gift from Okawaru
 39304 | Vaults:4 | Noticed Sojobo
 39316 | Vaults:4 | Killed Sojobo
 39838 | D:15     | Entered Level 15 of the Dungeon
 40000 | D:15     | Found a staircase to the Depths.
 40128 | D:15     | Reached XP level 23. HP: 153/153 MP: 32/32
 40469 | D:15     | Found a white marble altar of Elyvilon.
 40652 | Depths:1 | Entered Level 1 of the Depths
 40762 | Depths:1 | Reached skill level 19 in Shields
 40771 | Depths:1 | Received a gift from Okawaru
 40816 | Depths:1 | Received a gift from Okawaru
 41120 | Depths:1 | Found Igazir's Antique Weapon Shop.
 41331 | Depths:1 | Paralysed by a vampire knight for 6 turns
 41353 | Depths:1 | Received a gift from Okawaru
 41749 | Depths:1 | Received a gift from Okawaru
 41788 | Depths:1 | Identified the Papyrus of Viperous Transmigration
 41793 | Depths:1 | Got a distressingly furry ring mail
 41794 | Depths:1 | Identified the +0 ring mail of Uskayaw's Generosity {+Blink
                  | rElec rPois MP+9} (You found it on level 1 of the Depths)
 42126 | Depths:1 | Found a gateway to Hell.
 42461 | Depths:2 | Found a one-way gate to the infinite horrors of the Abyss.
 42505 | Depths:2 | Found a one-way gate leading to the halls of Pandemonium.
 42575 | Depths:2 | Found Bucosoq's Antique Armour Boutique.
 42577 | Depths:2 | Found Wepn's Book Shop.
 42577 | Depths:2 | Found Teroag's Book Boutique.
 42642 | Depths:2 | Received a gift from Okawaru
 42792 | Depths:2 | Found Cewk's Assorted Antiques.
 42818 | Depths:2 | Bought a scroll labeled ASSAMURUMI for 42 gold pieces
 43136 | Depths:2 | Received a gift from Okawaru
 43292 | Depths:2 | Found a runed translucent door.
 43293 | Depths:2 | Found the +1 cloak of Starlight {rElec rC+ EV+4 Stlth--}
 43294 | Depths:2 | Noticed a golden dragon
 43294 | Depths:2 | Identified the ring "Uceel" {*Tele rN+ MR+ Dex+3}
 43294 | Depths:2 | Identified the ring of Usoivoph {*Tele Str+5}
 43304 | Depths:2 | Killed a golden dragon
 43304 | Depths:2 | Reached XP level 24. HP: 141/160 MP: 29/35
 43347 | Depths:2 | Got a faintly glowing platinum ring
 43350 | Depths:2 | Identified the ring "Quotoq" {rPois rC+ MR+ Int+5} (You
                  | found it on level 2 of the Depths)
 43505 | Depths:2 | Reached skill level 20 in Shields
 44167 | Depths:3 | Found a portal to a secret trove of treasure.
 44454 | Depths:3 | Noticed a caustic shrike
 44455 | Depths:3 | Noticed a caustic shrike
 44464 | Depths:3 | Killed a caustic shrike
 44478 | Depths:3 | Killed a caustic shrike
 45054 | Depths:3 | Noticed the Enchantress
 45064 | Depths:3 | Received a gift from Okawaru
 45085 | Depths:3 | Killed the Enchantress
 45119 | Depths:3 | Received a gift from Okawaru
 45424 | Depths:4 | Noticed a caustic shrike
 45424 | Depths:4 | Noticed a caustic shrike
 45424 | Depths:4 | Noticed a caustic shrike
 45441 | Depths:4 | Killed a caustic shrike
 45441 | Depths:4 | Received a gift from Okawaru
 45473 | Depths:4 | Killed from afar by a deep elf high priest

Levels and vault maps discovered:
D:1:      giann_horns, layout_rooms
D:2:      minmay_general_purpose_star, layout_loops_cross, first_ration
D:3:      layout_loops_corners, ebering_ghost_inner_flame,
          nicolae_ru_great_annihilating_truth
D:4:      layout_rooms, minmay_shop_enchanted_jewellery
D:5:      layout_loops_ring, dk_rats_in_the_wall, uniq_duvessa
D:6:      layout_loops_corners, minmay_temple_entry_tees, serial_shops, shop,
          grunt_qazlal_sundering, uniq_grinder, uniq_edmund
D:7:      layout_basic, old_standard_altar, uniq_prince_ribbit1, uniq_harold,
          uniq_pikel
D:8:      layout_loops_ring, nicolae_overflow_hidden_temple, serial_shops,
          shop_fountains, okawaru_gym_becter, uniq_erica
D:9:      layout_roguey, vehumet_statue, serial_shops, shop, blue_anna_alchemist
          [blue_anna_fruit_fields, blue_anna_fruit_fields], uniq_joseph
D:10:     layout_layer_cave, dpeg_lair_monsters, uniq_maurice
D:11:     layout_cave_pools, serial_shops, shop, kennysheep_generic_room_7
D:12:     minmay_strange_plus, layout_basic, special_room [special_room_orc],
          minivault_19, eino_jars
D:13:     layout_cave_pools, lightli_wizard_tower, uniq_kirke
D:14:     layout_basic, erik_vaults_2, kennysheep_flooded_box, serial_shops,
          shop, uniq_agnes, uniq_rupert
D:15:     grunt_enter_depths_giant_problem, layout_gridville, elyvilon_altar_3
Temple:   eino_temple_scatter_basement
Lair:1:   layout_gridlike, st_stairs_10
Lair:2:   cheibrodos_lair_overgrown_chateau, layout_chaotic_city,
          beast_lair_carwin_1, uniq_fannar
Lair:3:   layout_chaotic_city, swamp_mist, eino_house_with_fridge
Lair:4:   layout_gridlike, nicolae_spider_entry_non_spiders,
          serial_bayou_shore_a, grunt_megastairs_5, lemuel_fruit_tree,
          lemuel_fruit_fields
Lair:5:   layout_regular_city
Lair:6:   wormcave, layout_regular_city, hangedman_lair_tendril_chambers,
          minmay_slime_entry_oklob_open, bobbens_dragon_lair_wall, uniq_sonja
Swamp:1:  gammafunk_mikee_crab_dinner, layout_basic_swamp,
          nicolae_swamp_trees_clearing
Swamp:2:  layout_falls_marsh, evilmike_swamp_ruin_house_4
Swamp:3:  layout_basic_swamp, evilmike_swamp_ruin_house_5
Swamp:4:  swamp_vile, layout_basic_swamp
Spider:1: layout_spider_delve
Spider:2: layout_chambers, spiders_nest_hornet_nest, nicolae_spider_cling_halls
Spider:3: layout_spider_delve, drop_trap, uniq_donald
Spider:4: grunt_spider_rune_circles
Orc:1:    layout_caves, serial_shops, nicolae_shop_window_shopping,
          nicolae_orc_flooded_monolith, guppyfry_library_mini, uniq_urug,
          uniq_josephine
Orc:2:    pubby_orc_utopia, serial_shops
Elf:1:    elf_arrival_001, layout_geoelf_octagon, serial_shops, shop,
          minmay_elf_crystal_heptagon
Elf:2:    layout_geoelf_octagon, ebering_ghost_rock_garden, uniq_louise
Elf:3:    elf_hall, layout_onion_city, basic_altar, minivault_11,
          minmay_misc_feat_pillars, eino_tiny_chamber, minmay_elf_sorcery,
          uniq_asterion
Vaults:1: v_misc_30, vaults_room_pools, nicolae_vaults_little_squares_1,
          nicolae_vaults_display_case, nicolae_vaults_what_the_h,
          nicolae_vaults_yaktaur_gun_rack, v_misc_15, hangedman_vaults_stream,
          vaults_room_grunt_arrival_ludios, layout_vaults_big_room,
          serial_shops, shop
Vaults:2: v_rooms_1, hangedman_vaults_slice, dpeg_vaults_monster_box, v_rooms_5,
          st_cross, ontoclasm_vaults_ligature, nicolae_vaults_little_ls,
          nicolae_vaults_alarming, hangedman_vaults_stretched_pinwheel,
          vaults_dpeg_diagonal, v_pattern_2, nicolae_vaults_ring_of_whatevers,
          layout_vaults_omnicross, uniq_bai_suzhen, uniq_aizul
Vaults:3: vaults_room_fours, st_check, v_misc_5, hangedman_vaults_pinch,
          minmay_crypt_entry_necro_gods, v_pattern_4, vaults_dpeg_ring,
          v_misc_13, nicolae_vaults_network_s, nicolae_vaults_three_branches,
          nicolae_vaults_big_angled_halls, nicolae_vaults_circle_grid_a,
          layout_vaults_omnibox, basic_altar
Vaults:4: vaults_room_door_ring, nicolae_vaults_mini_display_case,
          grunt_vaults_funnel, nicolae_vaults_angled_halls,
          ontoclasm_vaults_eye, nicolae_vaults_twisting_passages, v_pattern_3,
          nicolae_vaults_rhombus_5, st_more_cells, vaults_dpeg_hooks, v_misc_30,
          vaults_mumra_chevron, vaults_room_hallway, layout_vaults_maze_bifur,
          uniq_sojobo, uniq_boris, uniq_margery
Depths:1: minmay_tile_spiral, layout_cave_pools, grunt_hell_horde, serial_shops,
          nicolae_shop_waterfront, serial_bayou_crossing,
          roderic_lattice_octagonal_star
Depths:2: minmay_gate_of_8, layout_cave_shapes, pan_entry,
          wad_floor_pattern_untrapped, hell_entry, hangedman_abyss_entry_splay,
          minmay_protected_statue, firewood_loft, infiniplex_staircase_zigzag_2,
          minmay_shoptagon, grunt_megastairs_4
Depths:3: cheibrodos_leafed_vault, layout_cave_shapes, grunt_hell_entry_dis_mu,
          enter_trove_2, serial_bayou_pond_c, abyss_entry,
          rand_demon_pan_entry_9, kennysheep_generic_room_3, uniq_enchantress
Depths:4: grunt_arcs, layout_cave_shapes, hangedman_decor_opposing,
          minmay_room_of_horrors, hell_entry, kennysheep_pointless_box,
          kennysheep_island_fort, minmay_staircase_statues_hall_small

Skill      XL: |  1  2  3  4  5  6  7  8  9 10 11 12 13 14 15 16 17 18 19 20 21 22 23 24 |
---------------+-------------------------------------------------------------------------+-----
Maces & Flails | 3 4 5 6 7 9 11 12 14 15 16 18 19 | 19.3
Invocations    | 6 8 10 | 10.0
Shields        | 5 8 10 13 14 15 16 18 19 20 | 20.7
Fighting       | 5 8 10 11 12 14 16 17 18 19 | 19.6
Armour         | 5 8 10 12 13 15 16 17 18 | 18.5
Crossbows      | 6 9 10 11 | 11.8
Evocations     | 3 4 6 |  6.0
Charms         | 2 4 5 6 7 |  7.0
Necromancy     | 2 4 5 6 7 |  7.0
Translocations | 5 6 7 |  7.0
Spellcasting   | 3 6 8 |  8.0
Hexes          | 3 6 |  6.0

Action                   |  1- 3 |  4- 6 |  7- 9 | 10-12 | 13-15 | 16-18 | 19-21 | 22-24 || total
-------------------------+-------+-------+-------+-------+-------+-------+-------+-------++-------
Melee: Flail             |   162 |   152 |       |       |       |       |       |       ||   314
       Morningstar       |       |    96 |   327 |   835 |  1090 |  1159 |  1120 |   311 ||  4938
       Punch             |       |       |       |       |       |       |     2 |       ||     2
       Eveningstar       |       |       |       |       |       |       |       |   967 ||   967
 Fire: Hand crossbow     |       |       |       |    14 |   439 |   435 |   460 |   365 ||  1713
Throw: Boomerang         |       |     9 |    19 |    46 |       |       |       |       ||    74
       Javelin           |       |       |       |    23 |       |       |       |       ||    23
       Dart              |       |       |       |     1 |     5 |       |       |       ||     6
       Throwing net      |       |       |       |     1 |       |       |       |       ||     1
 Cast: Apportation       |       |       |       |       |       |     5 |   285 |    58 ||   348
       Shroud of Golubri |       |       |       |       |       |     2 |       |       ||     2
       Song of Slaying   |       |       |       |       |       |     1 |     2 |     2 ||     5
       Regeneration      |       |       |       |       |       |       |    33 |     9 ||    42
       Spectral Weapon   |       |       |       |       |       |       |       |     4 ||     4
Invok: Heroism           |       |       |       |    11 |    17 |    17 |    23 |    21 ||    89
       Finesse           |       |       |       |     3 |     5 |     5 |     3 |     8 ||    24
 Abil: Fly               |       |       |       |       |     1 |       |     1 |       ||     2
       Stop Flying       |       |       |       |       |       |       |     1 |     1 ||     2
Evoke: Wand              |       |       |     7 |     7 |     1 |     4 |     6 |     2 ||    27
  Use: Scroll            |       |     8 |     4 |    10 |     8 |     7 |    15 |     8 ||    60
       Potion            |       |     1 |     2 |     8 |     1 |     3 |     1 |       ||    16
 Stab: Invisible         |       |     1 |       |       |       |       |       |       ||     1
       Paralysed         |       |     1 |       |       |       |       |       |       ||     1
       Confused          |       |       |       |       |       |     1 |       |       ||     1
       Distracted        |       |       |       |       |       |       |       |     1 ||     1
  Eat: Chunk             |     1 |     6 |    10 |    12 |    18 |     5 |    20 |    17 ||    89
       Ration            |       |       |       |     3 |     5 |     7 |     3 |     3 ||    21
Armor: Scale mail        |   109 |   127 |    89 |       |     4 |   271 |   203 |    67 ||   870
       Plate armour      |       |       |   108 |   486 |   515 |   369 |       |       ||  1478
       Crystal plate arm |       |       |       |       |       |       |       |   145 ||   145
       Gold dragon scale |       |       |       |       |       |       |       |    43 ||    43
Dodge: Dodged            |    57 |    82 |    44 |   121 |   189 |   200 |   124 |    94 ||   911
       Deflected         |       |       |       |       |       |     8 |    10 |       ||    18
Block: Shield            |    90 |   127 |   130 |   376 |   244 |       |       |       ||   967
       Large shield      |       |       |       |       |   551 |  1248 |  1067 |  1111 ||  3977
       Reflection        |       |       |       |       |       |       |   116 |   135 ||   251
